 Dungeon Crawl Stone Soup version 0.29.1-14-g9c671dbff4 (webtiles) character file.

Game seed: 17681733149622708964

1094 sankara the Ruffian (level 8, -3/70 (75) HPs)
             Began as a Troll Earth Elementalist on Feb 18, 2023.
             Was an Initiate of Ru.
             Slain by a wight
             ... wielding a +2 halberd
              (7 damage)
             ... on level 6 of the Dungeon.
             The game lasted 00:09:50 (4924 turns).

sankara the Ruffian (Troll Earth Elementalist)      Turns: 4924, Time: 00:09:51

HP:   -3/70 (75)    AC:  4    Str: 17    XL:     8   Next: 10%
MP:   3/9           EV: 10    Int: 13    God:    Ru [......]
Gold: 251           SH:  0    Dex: 10    Spells: 4/10 levels left

rFire   . . .      SeeInvis .     - Unarmed
rCold   . . .      Faith    .   (no shield)
rNeg    . . .      Spirit   .   a - +0 robe
rPois   .          Reflect  .   (helmet restricted)
rElec   .          Harm     .   (no cloak)
rCorr   .          Rampage  .   (gloves unavailable)
Will    .....                   (boots unavailable)
Stlth   +.........              (no amulet)
HPRegen 1.01/turn               (no ring)
MPRegen 0.11/turn               (no ring)

@: drained
A: large, unfitting armour, claws 3, regeneration 1, shaggy fur 1, tough skin 1
a: Renounce Religion


You were on level 6 of the Dungeon.
You worshipped Ru.
Ru was noncommittal.
You visited 2 branches of the dungeon, and saw 7 of its levels.

You collected 251 gold pieces.

Inventory:

Hand Weapons
 F - a +1 whip of pain
Missiles
 n - 13 boomerangs
 B - 8 poisoned darts
Armour
 a - a +0 robe (worn)
Jewellery
 u - a ring of fire
 z - a ring of willpower
 A - a ring of protection from cold
 H - a +4 ring of protection
Wands
 o - a wand of mindburst (7)
 q - a wand of paralysis (4)
 t - a wand of iceblast (6)
Scrolls
 e - a scroll of amnesia {unknown}
 f - 7 scrolls of identify {unknown}
 h - 2 scrolls of blinking {unknown}
 i - 4 scrolls of poison {unknown}
 s - a scroll of teleportation {unknown}
 x - a scroll of immolation {unknown}
 y - a scroll of vulnerability {unknown}
 C - a scroll of noise {unknown}
 D - 3 scrolls of fear {unknown}
 E - a scroll of acquirement {unknown}
 G - 3 scrolls of enchant armour {unknown}
Potions
 b - 2 potions of magic
 c - 3 potions of lignification {unknown}
 d - a potion of invisibility {unknown}
 g - 7 potions of curing {unknown}
 j - 2 potions of brilliance {unknown}
 k - 4 potions of degeneration {unknown}
 l - 2 potions of haste {unknown}
 m - 3 potions of heal wounds {unknown}
 p - a potion of resistance {unknown}
 r - 3 potions of attraction {unknown}
 v - a potion of ambrosia {unknown}
 w - a potion of might {unknown}


   Skills:
 + Level 3.0 Fighting
 + Level 3.6 Dodging
 - Level 1.0 Stealth
 * Level 5.4 Unarmed Combat
 - Level 1.5 Spellcasting
 + Level 2.0 Conjurations
 - Level 0.6 Transmutations
 + Level 4.5 Earth Magic


You had 4 spell levels left.
You knew the following spells:

 Your Spells              Type           Power      Damage    Failure   Level
a - Sandblast             Erth           24%        2d8       4%          1
b - Passwall              Tmut/Erth      5%         N/A       14%         2
c - Stone Arrow           Conj/Erth      18%        3d8       22%         3

Your spell library contained the following spells:

 Spells                   Type           Power      Damage    Failure   Level
 Magic Dart               Conj           24%        1d4       12%         1
 Call Imp                 Summ           0%         N/A       38%         2
 Mephitic Cloud           Conj/Pois/Air  2%         N/A       52%         3
 Ignite Poison            Fire/Tmut/Pois 1%         N/A       58%         3
 Call Canine Familiar     Summ           0%         N/A       63%         3
 Confusing Touch          Hex            0%         N/A       63%         3
 Portal Projectile        Hex/Tloc       0%         N/A       63%         3
 Petrify                  Tmut/Erth      7%         N/A       67%         4
 Leda's Liquefaction      Hex/Erth       3%         N/A       71%         4
 Freezing Cloud           Conj/Ice/Air   1%         6-21      99%         5
 Yara's Violent Unravell  Hex/Tmut       0%         3d3       100%        5
 Enfeeble                 Hex            0%         N/A       100%        7


Dungeon Overview and Level Annotations

Branches:
Dungeon (6/15)             Temple (1/1) D:6

Altars:
Ashenzari
Dithmenos
Elyvilon
Fedhas
Gozag
Hepliaklqana
Makhleb
Nemelex Xobeh
Okawaru
Qazlal
Ru
Sif Muna
Trog
Uskayaw
Vehumet
Wu Jian
Xom
Zin
The Shining One

Shops:
D:4 ?


Innate Abilities, Weirdness & Mutations

You are too large for most types of armour.
You have claws for hands.
Your natural rate of healing is unusually fast.
You are covered in fur. (AC +1)
You have tough skin. (AC +1)


Message History

You are too injured to fight recklessly!
You are too injured to fight recklessly!
Unknown command.
The wight closely misses you. The wight attacks as you move away!
The wight hits you with a +4 war axe!
You feel drained.
* * * LOW HITPOINT WARNING * * *
The wight attacks as you move away! The wight hits you with a +4 mace.
* * * LOW HITPOINT WARNING * * *
You feel drained.
* * * LOW HITPOINT WARNING * * *
The wight attacks as you move away! The wight hits you with a +4 mace!
* * * LOW HITPOINT WARNING * * *
Casting: Stone Arrow (dangerous; 22% risk of failure)
Confirm with . or Enter, or press ? or * to list all spells.
Aiming: Stone Arrow (dangerous; 22% risk of failure)
Press: ? - help, Shift-Dir - straight line, f - wight
Aim: a wight, wielding a +4 mace and wearing a +0 robe (64% to hit)
The stone arrow hits the wight!
The wight is severely damaged.
The wight barely misses you.
The wight hits you from afar with a +2 halberd.
* * * LOW HITPOINT WARNING * * *
You feel drained.
* * * LOW HITPOINT WARNING * * *
You claw the wight!
You destroy the wight!
The wight barely misses you.
Your Fighting skill increases to level 3!
Your Conjurations skill increases to level 2!
Unknown command.
Casting: Stone Arrow (dangerous; 22% risk of failure)
Confirm with . or Enter, or press ? or * to list all spells.
Aiming: Stone Arrow (dangerous; 22% risk of failure)
Press: ? - help, Shift-Dir - straight line, f - wight
Aim: a wight, wielding a +2 halberd and wearing a +0 robe (64% to hit)
The stone arrow misses the wight.
The stone arrow hits the wight!
You destroy the wight!
The wight hits you from afar with a +2 halberd!
You die...

#.# #.#####.....#
#.# #.######....###
#.#
#.......#.....##
#.#
#.#####.#.#.....
#.# ### #.#.##..#.
#.##### #.#.###...
#.##). ..#.# ###.
#.##.########.#.#
##
#.##.@)z).....#.#
#.##.####.#.###'###
#.##.# #.#........
##.##.# #.#........
#.....# #.#........
####### #.#.###'###
..... ..# #.#.# .#
# #.#.# # ##


You could see a wight.

Vanquished Creatures
  A black bear (D:5)
  A kobold brigand (D:4)
  A bullfrog (D:6)
  A scorpion (D:4)
  6 wights (D:6)
  A vampire bat (D:3)
  3 hounds
  2 orc priests
  A jelly (D:6)
  2 iguanas
  An orc wizard (D:5)
  5 adders
  A shadow imp (D:6)
  A white imp (D:6)
  3 worms
  3 dart slugs (D:2)
  3 fire bats (D:3)
  20 orcs
  2 spectral bats (D:3)
  12 ball pythons
  13 bats
  3 bat skeletons (D:3)
  A bat zombie (D:3)
  6 endoplasms
  2 giant cockroaches
  2 goblins
  6 hobgoblins
  6 jackals
  4 quokkas
  A bat simulacrum (D:3)
  3 frilled lizards (D:2)
  9 kobolds
  5 rats
131 creatures vanquished.

Notes
Turn   | Place    | Note
-------+----------+-------------------------------------------
     0 | D:1      | sankara the Troll Earth Elementalist began the quest for
                  | the Orb.
     0 | D:1      | Reached XP level 1. HP: 16/16 MP: 1/1
   335 | D:1      | Reached XP level 2. HP: 24/24 MP: 0/3
   771 | D:1      | Reached skill level 1 in Unarmed Combat
   962 | D:2      | Found a faded altar of an unknown god.
  1004 | D:2      | Reached XP level 3. HP: 32/32 MP: 4/4
  1164 | D:2      | Learned a level 2 spell: Passwall
  1184 | D:2      | Reached skill level 1 in Fighting
  1184 | D:2      | Reached skill level 2 in Unarmed Combat
  1195 | D:2      | Reached XP level 4. HP: 41/41 MP: 5/5
  1757 | D:3      | Reached XP level 5. HP: 48/48 MP: 6/6
  1817 | D:3      | Reached skill level 3 in Unarmed Combat
  1983 | D:3      | Learned a level 3 spell: Stone Arrow
  2330 | D:3      | Found a broken altar of Ashenzari.
  2480 | D:4      | Reached XP level 6. HP: 50/57 MP: 7/7
  2657 | D:4      | Found Vanwa's Magic Scroll Boutique.
  2729 | D:4      | Noticed a +0 spear
  2731 | D:4      | Noticed a +0 falchion
  2732 | D:4      | Noticed a +0 short sword
  2732 | D:4      | Noticed a +0 dagger
  2733 | D:4      | Noticed a +0 falchion
  2733 | D:4      | Noticed a +0 dagger
  2733 | D:4      | Noticed a +0 short sword
  2733 | D:4      | Noticed a +0 spear
  2736 | D:4      | Found a hide-covered altar of Uskayaw.
  2996 | D:4      | Reached skill level 4 in Unarmed Combat
  3037 | D:4      | Identified the +1 robe "Qajuug Pole" {rPois Str-4 Dex+4}
  3435 | D:4      | Found an ancient bone altar of Kikubaaqudgha.
  3437 | D:4      | Found a glowing silver altar of Zin.
  3437 | D:4      | Found a shimmering altar of Xom.
  3439 | D:4      | Found a broken altar of Ashenzari.
  3439 | D:4      | Found a shimmering altar of Xom.
  3439 | D:4      | Found a radiant altar of Vehumet.
  3513 | D:5      | Entered Level 5 of the Dungeon
  3592 | D:5      | Reached skill level 1 in Conjurations
  3592 | D:5      | Reached XP level 7. HP: 32/65 MP: 8/8
  4521 | D:6      | Reached skill level 5 in Unarmed Combat
  4594 | D:6      | Found a staircase to the Ecumenical Temple.
  4604 | Temple   | Entered the Ecumenical Temple
  4777 | Temple   | Became a worshipper of Ru the Awakened
  4814 | D:6      | Reached XP level 8. HP: 74/74 MP: 9/9
  4922 | D:6      | HP: 2/66 [wight/+2 halberd (2)]
  4924 | D:6      | Slain by a wight

Illustrated notes

Levels and vault maps discovered:
D:1:      nzn_arrival_settlement, layout_basic, minmay_door_square,
          dk_noncrumbling_2
D:2:      layout_basic, chequers_ecumenical_altar_twisty, serial_park_tiny_pond,
          minmay_heptomino_l4
D:3:      layout_loops_corners, cheibrodos_ashenzari_chains, goddamned_bats
D:4:      layout_loops_ring, nicolae_uskayaw_en_pointe, doesnt_xom_only_xom,
          serial_shops, nicolae_shop_trees, kennysheep_big_empty_room,
          kennysheep_generic_room_10
D:5:      layout_basic
D:6:      layout_basic, minmay_temple_entry_trees
Temple:   eino_temple_rhombus

Skill      XL: |  1  2  3  4  5  6  7  8 |
---------------+-------------------------+-----
Unarmed Combat | 1 2 3 4 5 |  5.4
Dodging        | 2 3 |  3.6
Earth Magic    | 3 4 |  4.5
Fighting       | 1 2 3 |  3.0
Conjurations   | 1 2 |  2.0
Stealth        | |  1.0
Spellcasting   | |  1.5
Transmutations | |  0.6

Action                   |  1- 3 |  4- 6 |  7- 9 || total
-------------------------+-------+-------+-------++-------
Melee: Unarmed           |    95 |   199 |    85 ||   379
       Punch             |     4 |       |       ||     4
 Cast: Sandblast         |     9 |       |       ||     9
       Stone Arrow       |       |       |     6 ||     6
 Stab: Sleeping          |     2 |     1 |     1 ||     4
Armor: Robe              |    39 |    90 |     9 ||   138
Dodge: Dodged            |    45 |   120 |    44 ||   209
